 Dungeon Crawl Stone Soup version 0.21.1-1-g345015f (webtiles) character file.

214 diana the Spear-Bearer (level 5, -7/38 HPs)
             Began as a Merfolk Gladiator on May 29, 2018.
             Shot with an arrow by a centaur (10 damage)
             ... on level 5 of the Dungeon.
             The game lasted 00:03:44 (3531 turns).

diana the Spear-Bearer (Merfolk Gladiator)          Turns: 3531, Time: 00:03:46

Health: -7/38      AC:  4    Str: 12 (14) XL:     5   Next: 91%
Magic:  5/5        EV: 15    Int:  5 (8)  God:
Gold:   120        SH:  0    Dex: 14 (16) Spells: 4/4 levels left

rFire    . . .     SeeInvis .   a - +0 trident
rCold    . . .     Gourm    .   (no shield)
rNeg     . . .     Faith    .   b - +0 leather armour
rPois    .         Spirit   .   c - +0 helmet
rElec    .         Reflect  .   (no cloak)
rCorr    .         Harm     .   (no gloves)
MR       .....                  (no boots)
Stlth    +.........             (no amulet)
HPRegen  0.12/turn              (no ring)
MPRegen  0.09/turn              (no ring)

@: no status effects
A: change form in water, swift swim, stealthy swim
a: no special abilities


You were on level 5 of the Dungeon.
You were not hungry.

You visited 1 branch of the dungeon, and saw 5 of its levels.

You collected 120 gold pieces.

Inventory:

Hand Weapons
 a - a +0 trident (weapon)
Missiles
 d - 3 throwing nets (quivered)
Armour
 b - a +0 leather armour (worn)
 c - a +0 helmet (worn)
Scrolls
 e - 2 scrolls of remove curse {unknown}
 h - a scroll of magic mapping {unknown}
 i - 2 scrolls of fear {unknown}
 k - 4 scrolls of identify {unknown}
 l - 2 scrolls of noise {unknown}
 o - a scroll of random uselessness {unknown}
 r - 3 scrolls of teleportation {unknown}
 s - a scroll of enchant weapon {unknown}
Potions
 g - a potion of magic
 m - 3 potions of curing
 n - 2 potions of flight {unknown}
 p - 2 potions of might {unknown}
 q - 2 potions of lignification {unknown}
Comestibles
 f - 7 rations


   Skills:
 - Level 2.1 Fighting
 * Level 8.0 Polearms
 - Level 2.0 Throwing
 + Level 5.7 Dodging


You had 4 spell levels left.
You didn't know any spells.

Dungeon Overview and Level Annotations

Branches:
Dungeon (5/15)
 Temple: D:4-7

Altars:
Elyvilon
Trog
Vehumet
Wu Jian

Annotations:
D:2 1 runed door


Message History

Found a scroll labeled XULUIV OFOWNE.
There is a stone staircase leading up here.
Okay, then.
The centaur wields a runed shortbow.
It is covered in frost.
The centaur shoots an arrow.
The arrow misses you.
The worker ant twitches its antennae in your direction.
The centaur shoots an arrow.
The arrow barely misses you.
The centaur shoots an arrow.
The arrow hits you.
* * * LOW HITPOINT WARNING * * *
The arrow freezes you.
* * * LOW HITPOINT WARNING * * *
You see here an arrow.
The centaur shoots an arrow.
The arrow hits you.
* * * LOW HITPOINT WARNING * * *
The arrow freezes you.
* * * LOW HITPOINT WARNING * * *
Found a ration.
You see here an arrow.
The centaur shoots an arrow.
The arrow hits you!
You die...

#. ..8 .8........
#.. #.. ...........
#..###.###..........
..#...#...........
...8...8.........
#.. #(..........
##.###.?........
...#..@#...........
..8...8.((8.<.......
.%......#...........
..........#.........
............cl......
......#####.........
...... #.........
...... #.........
.... ..........


You could see a centaur and a leopard gecko.

Vanquished Creatures
  The ghost of feelmyfire the Insei, an amateur DgTm (D:3)
  An orc wizard (D:3)
  4 adders (D:2)
  An ooze (D:2)
  2 worms (D:3)
  3 leopard geckos
  3 orcs (D:3)
  A ball python (D:1)
  3 bats
  6 giant cockroaches
  9 goblins
  A hobgoblin (D:2)
  3 jackals (D:2)
  2 quokkas
  6 frilled lizards
  3 kobolds
  3 rats
52 creatures vanquished.

Notes
Turn   | Place    | Note
-------+----------+-------------------------------------------
     0 | D:1      | diana the Merfolk Gladiator began the quest for the Orb.
     0 | D:1      | Reached XP level 1. HP: 16/16 MP: 1/1
   129 | D:1      | Reached XP level 2. HP: 22/22 MP: 2/2
   195 | D:1      | Reached skill level 5 in Polearms
  1024 | D:2      | Reached XP level 3. HP: 7/27 MP: 3/3
  1377 | D:2      | Reached skill level 6 in Polearms
  1431 | D:2      | Found a runed door.
  1562 | D:2      | Reached XP level 4. HP: 10/33 MP: 4/4
  1951 | D:2      | Found a bloodstained altar of Trog.
  1959 | D:2      | Found an ornate altar of the Wu Jian Council.
  1962 | D:2      | Found a white marble altar of Elyvilon.
  1983 | D:2      | Reached skill level 5 in Dodging
  2525 | D:3      | Found a radiant altar of Vehumet.
  2571 | D:3      | Found a faded altar of an unknown god.
  2689 | D:3      | Reached skill level 7 in Polearms
  2689 | D:3      | Reached XP level 5. HP: 27/38 MP: 5/5
  2979 | D:3      | Noticed feelmyfire's ghost (amateur DgTm)
  2999 | D:3      | Killed feelmyfire's ghost
  2999 | D:3      | Reached skill level 8 in Polearms
  3495 | D:4      | Noticed a hippogriff
  3526 | D:5      | Entered Level 5 of the Dungeon
  3526 | D:5      | Noticed a centaur
  3531 | D:5      | Shot with an arrow by a centaur

Skill      XL: |  1  2  3  4  5 |
---------------+----------------+-----
Polearms       | 5 6 7 8 |  8.0
Dodging        | 5 |  5.7
Fighting       | |  2.1
Throwing       | |  2.0

Action                   |  1- 3 |  4- 6 || total
-------------------------+-------+-------++-------
Melee: Trident           |   108 |    88 ||   196
  Use: Potion            |       |     3 ||     3
 Stab: Sleeping          |     2 |     1 ||     3
       Distracted        |     1 |       ||     1
  Eat: Chunk             |     2 |     4 ||     6
       Ration            |       |     1 ||     1
Armor: Leather armour    |    24 |     8 ||    32
Dodge: Dodged            |    67 |    39 ||   106
